 Dungeon Sprint DCSS version 0.31.0-4-g52a2dc7128 (webtiles) character file.

Game seed: 7894263737855238647

4526 boopmooplesden the Severer (level 10, -2/101 HPs)
             Began as a Minotaur Fighter on Jan 21, 2024.
             Was the Champion of Trog.
             Slain by a salamander
             ... wielding a +0 trident
              (4 damage)
             ... while petrified by a catoblepas
             ... in the Dungeon (Sprint VII: "The Pits").
             The game lasted 00:03:23 (1073 turns).

boopmooplesden the Severer (Minotaur Fighter)       Turns: 1073, Time: 00:03:24

Health: -2/101     AC: 21    Str: 24    XL:     10   Next: 17%
Magic:  9/9        EV:  2    Int:  5    God:    Trog [******]
Gold:   0          SH:  0    Dex: 11    Spells: 9/9 levels left

rFire   . . .        w - +1 broad axe (heavy)
rCold   . . .        c - +0 buckler
rNeg    + + +        p - +2 plate armour
rPois   ∞            (helmet restricted)
rElec   .            (no cloak)
rCorr   .            v - +0 pair of gloves
SInv    .            u - +0 pair of boots
Will    .....        (no amulet) Stlth
                     (no ring)
HPRegen 0.36/turn    (no ring)
MPRegen 0.11/turn

%: no teleportation
@: petrified, on berserk cooldown, slowed
A: horns 2, retaliatory headbutt
a: Renounce Religion, Berserk, Trog's Hand, Brothers in Arms


You were in the Dungeon.
You worshipped Trog.
Trog was exalted by your worship.
You visited 1 branch

Inventory:

Hand Weapons
 a - a +0 war axe
 o - a +2 hand axe
 q - a +2 heavy hand axe
 w - a +1 heavy broad axe (weapon)
 x - a +4 scimitar of flaming
Armour
 b - a +0 scale mail
 c - a +0 buckler (worn)
 p - a +2 plate armour (worn)
 u - a +0 pair of boots (worn)
 v - a +0 pair of gloves (worn)
Jewellery
 r - a +3 ring of evasion
 s - a +3 ring of dexterity
Scrolls
 j - a scroll of blinking
 l - 2 scrolls of vulnerability
 m - 5 scrolls of amnesia
 n - a scroll of butterflies
Potions
 d - 3 potions of might
 e - 9 potions of curing
 f - 5 potions of heal wounds
 g - a potion of haste
 h - 4 potions of magic
 i - 4 potions of berserk rage
 k - 2 potions of invisibility
 t - a potion of mutation


   Skills:
 + Level 13.5 Fighting
 + Level 17.5 Axes
 + Level 14.1 Armour
 + Level 6.5 Dodging
 + Level 0.7 Stealth
 + Level 11.3 Shields


You had 9 spell levels left.
You didn't know any spells.
Your spell library was empty.

Dungeon Overview and Level Annotations

Branches:
Dungeon (1/1)

Altars:
Cheibriados
Dithmenos
Elyvilon
Fedhas
Gozag
Hepliaklqana
Makhleb
Nemelex Xobeh
Okawaru
Qazlal
Ru
Sif Muna
Trog
Vehumet
Wu Jian
Xom
Yredelemnul
Zin
The Shining One
Jiyva
Lugonu

Annotations:
D Saint Roka


Innate Abilities, Weirdness & Mutations

You have a pair of horns on your head.
You reflexively headbutt those who attack you in melee.


Message History

The quasit claws you but does no damage.
An orc warrior comes into view. It is wielding a +0 dire flail.
The catoblepas gores you but does no damage.
The salamander hits you but does no damage.
The quasit closely misses you.
The quasit claws you but does no damage. x2
The catoblepas gores you but does no damage.
The salamander hits you but does no damage.
The quasit bites you but does no damage.
The quasit claws you but does no damage. x2
You have turned to stone.
The catoblepas gores you!!
* * * LOW HITPOINT WARNING * * *
The quasit bites you but does no damage.
The quasit claws you but does no damage. x2
The salamander hits you but does no damage.
The catoblepas breathes a plume of calcifying dust at you.
The blast of calcifying dust hits you but does no damage.
The quasit bites you but does no damage.
The quasit claws you but does no damage. x2
The salamander barely misses you.
The naga sharpshooter unwields a +0 short sword.
The naga sharpshooter wields a +0 arbalest.
The naga sharpshooter casts a spell.
You are engulfed in calcifying dust.
The quasit barely misses you.
The quasit claws you but does no damage. x2
The catoblepas gores you!
* * * LOW HITPOINT WARNING * * *
The salamander hits you but does no damage.
The naga sharpshooter casts a spell.
The naga sharpshooter magically shoots a bolt.
The bolt hits you!
* * * LOW HITPOINT WARNING * * *
You are engulfed in calcifying dust.
The quasit bites you but does no damage.
The quasit claws you but does no damage. x2
The catoblepas gores you!
* * * LOW HITPOINT WARNING * * *
The salamander hits you from afar with a +0 trident!
You die...

.##...<...##.)##..##)##.....
.##.......##..##.##...##...#
.##.......##..####.....##.##
###.......##...##).....#o .#
.###########...))......' +
############...##.....o#
#....#...[##..####..o..#
#.†..#...[##..##.##.oh## .
'....'..))##..##@Y##h## .N.
#....#..))##..###5N#o#.....
#....#..).##..# ##olNh..#
############### ########


You could see a catoblepas, a naga sharpshooter, a salamander, a basilisk, a
warg, an orc warrior and a quasit.

Vanquished Creatures
  A sun demon (D)
  Pikel (D)
  An orc sorcerer (D)
  A manticore (D)
  An efreet (D)
  A merfolk (D)
  A hellwing (D)
  3 blink frogs (D)
  A jumping spider (D)
  An air elemental (D)
  A shadow (D)
  A wraith (D)
  A redback (D)
  A basilisk (D)
  A water moccasin (D)
  2 sky beasts (D)
  3 black bears (D)
  A hound (D)
  An orc priest (D)
  A gnoll bouda (D)
  An orc wizard (D)
  6 gnolls (D)
  An adder (D)
  2 river rats (D)
  2 ufetubi (D)
  2 orcs (D)
  A bat skeleton (D)
  A goblin (D)
  A hobgoblin (D)
  2 jackals (D)
  2 quokkas (D)
  A ball python (D)
  A frilled lizard (D)
  A kobold (D)
  A rat (D)
50 creatures vanquished.

Vanquished Creatures (others)
  An air elemental (D)
1 creature vanquished.

Grand Total: 51 creatures vanquished

Notes
Turn   | Place    | Note
-------+----------+-------------------------------------------
     0 | D        | boopmooplesden the Minotaur Fighter began the quest for the
                  | Orb.
     0 | D        | Reached XP level 1. HP: 19/19 MP: 0/0
    40 | D        | Found a glowing golden altar of the Shining One.
    40 | D        | Found a glowing silver altar of Zin.
    40 | D        | Found a basalt altar of Yredelemnul.
    40 | D        | Found a shimmering altar of Xom.
    40 | D        | Found an ornate altar of the Wu Jian Council.
    40 | D        | Found a bloodstained altar of Trog.
    40 | D        | Found a shimmering blue altar of Sif Muna.
    40 | D        | Found a sacrificial altar of Ru.
    40 | D        | Found a stormy altar of Qazlal.
    40 | D        | Found an iron altar of Okawaru.
    40 | D        | Found a sparkling altar of Nemelex Xobeh.
    40 | D        | Found a burning altar of Makhleb.
    40 | D        | Found a viscous altar of Jiyva.
    40 | D        | Found a hazy altar of Hepliaklqana.
    40 | D        | Found an opulent altar of Gozag.
    40 | D        | Found a blossoming altar of Fedhas.
    40 | D        | Found a white marble altar of Elyvilon.
    40 | D        | Found a shadowy altar of Dithmenos.
    40 | D        | Found a snail-covered altar of Cheibriados.
    42 | D        | Found a corrupted altar of Lugonu.
    42 | D        | Found a radiant altar of Vehumet.
    43 | D        | Became a worshipper of Trog the Wrathful
    60 | D        | Reached XP level 2. HP: 18/28 MP: 1/1
   102 | D        | Reached * piety under Trog
   103 | D        | Reached skill level 5 in Fighting
   105 | D        | Reached skill level 5 in Armour
   117 | D        | Reached ** piety under Trog
   118 | D        | Reached skill level 3 in Axes
   118 | D        | Reached XP level 3. HP: 31/37 MP: 2/2
   121 | D        | Reached skill level 5 in Shields
   282 | D        | Noticed a water moccasin
   283 | D        | Noticed a black bear
   289 | D        | Killed a black bear
   289 | D        | Reached *** piety under Trog
   290 | D        | Reached skill level 4 in Axes
   290 | D        | Reached skill level 1 in Dodging
   290 | D        | Reached XP level 4. HP: 47/47 MP: 3/3
   292 | D        | Reached skill level 5 in Axes
   292 | D        | Reached XP level 5. HP: 53/53 MP: 4/4
   294 | D        | Reached **** piety under Trog
   296 | D        | Killed a water moccasin
   297 | D        | Reached skill level 7 in Axes
   297 | D        | Reached XP level 6. HP: 62/62 MP: 5/5
   338 | D        | Reached skill level 8 in Axes
   340 | D        | Noticed a wraith
   350 | D        | Killed a wraith
   350 | D        | Reached ***** piety under Trog
   351 | D        | Reached skill level 9 in Axes
   351 | D        | Reached skill level 10 in Armour
   351 | D        | Reached XP level 7. HP: 53/71 MP: 6/6
   353 | D        | Noticed Pikel
   360 | D        | Killed Pikel
   361 | D        | Reached skill level 10 in Fighting
   361 | D        | Reached skill level 11 in Axes
   361 | D        | Reached XP level 8. HP: 81/81 MP: 7/7
   372 | D        | Reached skill level 12 in Axes
   372 | D        | Reached skill level 5 in Dodging
   419 | D        | Noticed an efreet
   426 | D        | Killed an efreet
   427 | D        | Reached skill level 13 in Axes
   573 | D        | Noticed a blink frog
   573 | D        | Noticed a blink frog
   573 | D        | Noticed a blink frog
   573 | D        | Noticed a merfolk
   578 | D        | Killed a blink frog
   582 | D        | Killed a merfolk
   582 | D        | Received a gift from Trog
   583 | D        | Reached skill level 14 in Axes
   583 | D        | Reached skill level 10 in Shields
   586 | D        | Killed a blink frog
   587 | D        | Reached XP level 9. HP: 86/90 MP: 8/8
   601 | D        | Reached skill level 15 in Axes
   650 | D        | Noticed a manticore
   660 | D        | Killed a manticore
   661 | D        | Reached skill level 16 in Axes
   668 | D        | Received a gift from Trog
   703 | D        | Noticed a sun demon
   720 | D        | Killed a sun demon
   720 | D        | Reached ****** piety under Trog
   731 | D        | Reached skill level 17 in Axes
   892 | D        | Noticed a hellwing
   901 | D        | Paralysed by an air elemental for 1 turns
   903 | D        | Reached XP level 10. HP: 71/101 MP: 9/9
  1034 | D        | Noticed an orc sorcerer
  1035 | D        | Noticed a catoblepas
  1039 | D        | Paralysed by an air elemental for 1 turns
  1044 | D        | Paralysed by an air elemental for 1 turns
  1049 | D        | Noticed a sixfirhy
  1049 | D        | Noticed Saint Roka
  1052 | D        | Killed an orc sorcerer
  1052 | D        | Received a gift from Trog
  1060 | D        | Noticed a salamander
  1062 | D        | Noticed a naga sharpshooter
  1073 | D        | HP: 2/101 [catoblepas (8)]
  1073 | D        | Slain by a salamander

Illustrated notes

Levels and vault maps discovered:
D:        pitsprint [storerooms_1, entrance_room_1, metal_vault_3, armoury_1,
          mini_pit_1, grid_room_1, main_hall_1, silver_pit, the_coven_2,
          the_vestibule_1, steel_vault_5, golden_pit, hallway_of_sentries,
          crystal_vault_3, iron_vault_1, final_vault]

Skill      XL: |  1  2  3  4  5  6  7  8  9 10 |
---------------+-------------------------------+-----
Armour         | 4 5 7 8 10 11 12 13 14 | 14.1
Fighting       | 4 6 7 8 9 10 11 13 | 13.5
Shields        | 4 6 7 8 9 10 11 | 11.3
Axes           | 3 4 5 7 9 11 14 17 | 17.5
Dodging        | 1 2 3 4 5 6 |  6.5
Stealth        | |  0.7

Action                     |  1- 3 |  4- 6 |  7- 9 | 10-12 || total
---------------------------+-------+-------+-------+-------++-------
  Melee: War axe           |    25 |    26 |    19 |       ||    70
         Headbutt          |     1 |     5 |    13 |     5 ||    24
         Broad axe         |       |       |    60 |    20 ||    80
 Invoke: Berserk           |     1 |       |     4 |     1 ||     6
    Use: Potion            |       |       |     1 |     2 ||     3
   Stab: Petrified         |       |       |       |     2 ||     2
 Armour: Scale mail        |    22 |       |       |       ||    22
         Plate armour      |     4 |    15 |   115 |   110 ||   244
  Dodge: Dodged            |    17 |     7 |    39 |    16 ||    79
  Block: Buckler           |     7 |     1 |    34 |     8 ||    50
